 Dungeon Crawl Stone Soup version 0.20-a0-1116-gaa52201 (webtiles) character file.

2870 Lochraine the Firebug (level 9, 0/72 HPs)
             Began as a Black Draconian Fire Elementalist on May 7, 2017.
             Was a Believer of Sif Muna.
             Killed themself with a badly aimed orb of electricity (8 damage)
             ... on level 8 of the Dungeon.
             The game lasted 00:21:33 (9542 turns).

Lochraine the Firebug (DrFE)                        Turns: 9542, Time: 00:21:34

Health: 0/72       AC:  7    Str: 11    XL:     9   Next: 47%
Magic:  17/18      EV: 19    Int: 18    God:    Sif Muna [**....]
Gold:   268        SH:  0    Dex: 17    Spells: 10/20 levels left

rFire    + . .     SeeInvis .   F - +0 whip (elec)
rCold    x . .     Gourm    .   (no shield)
rNeg     . . .     Faith    .   (armour unavailable)
rPois    .         Spirit   .   (helmet restricted)
rElec    +         Reflect  .   (no cloak)
rCorr    .         Harm     .   (no gloves)
MR       +....                  (no boots)
Stlth    +++.......             z - amulet of regeneration
Regen    0.7/turn               o - ring of protection from magic
MPRegen  0.2/turn               v - ring of fire

@: agile, about to teleport
A: breathe lightning, unfitting armour, electricity resistance, cold-blooded, AC
+7
a: Breathe Lightning, Divine Energy, Renounce Religion


You were on level 8 of the Dungeon.
You worshipped Sif Muna.
Sif Muna was pleased with you.
You were not hungry.

You visited 1 branch of the dungeon, and saw 8 of its levels.
You also visited: Sewer.

You collected 307 gold pieces.
You spent 39 gold pieces at shops.

Inventory:

Hand Weapons
 l - a +2 mace of protection
 q - a +0 dagger of distortion
 F - a +0 whip of electrocution (weapon)
Missiles
 h - 15 tomahawks (quivered)
Jewellery
 f - an uncursed amulet of the gourmand {unknown}
 o - a ring of protection from magic (left hand)
 v - a ring of fire (right hand)
 y - an uncursed ring of flight
 z - an amulet of regeneration (around neck)
Wands
 k - a wand of lightning (0/15)
 r - a wand of confusion (14/48)
 u - a wand of random effects (36/48)
 x - a wand of polymorph (16/24)
 C - a wand of disintegration (18/24)
Scrolls
 d - a scroll of acquirement {unknown}
 e - 2 scrolls of amnesia {unknown}
 g - 2 scrolls of fog
 m - a scroll of recharging
 n - 4 scrolls of remove curse
 p - 2 scrolls of teleportation
 t - 5 scrolls of identify
 w - 3 scrolls of fear {unknown}
 A - a scroll of blinking
Potions
 c - 2 potions of invisibility {unknown}
 s - a potion of resistance {unknown}
 D - a potion of haste
 E - 3 potions of flight
Books
 a - a book of Flames

   Spells                             Type                      Level
   a - Flame Tongue                   Conjuration/Fire             1
   b - Throw Flame                    Conjuration/Fire             2
   c - Conjure Flame                  Conjuration/Fire             3
   d - Inner Flame                    Hexes/Fire                   3
   e - Sticky Flame                   Conjuration/Fire             4
   f - Fireball                       Conjuration/Fire             5
Comestibles
 b - 5 bread rations
 i - a meat ration
 j - 3 fruits
 G - a chunk of flesh


   Skills:
 + Level 4.4 Fighting
 + Level 4.3 Dodging
 - Level 2.2 Stealth
 + Level 6.4 Spellcasting
 + Level 6.7 Conjurations
 + Level 7.2 Fire Magic


You had 10 spell levels left.
You knew the following spells:

 Your Spells              Type           Power        Failure   Level  Hunger
a - Flame Tongue          Conj/Fire      #####        1%          1    None
b - Throw Flame           Conj/Fire      #####.       1%          2    None
c - Conjure Flame         Conj/Fire      #####...     1%          3    ##.....
d - Sticky Flame          Conj/Fire      #####...     6%          4    ####...


Dungeon Overview and Level Annotations

Branches:
Dungeon (8/15)             Temple (0/1) D:7
   Lair: D:8-11

Altars:
Sif Muna
The Shining One

Shops:
D:6 ([*!*   D:7 %


Innate Abilities, Weirdness & Mutations

You can breathe wild blasts of lightning.
Your glossy black scales are hard. (AC +7)
You cannot fit into any form of body armour.
You are resistant to electric shocks. (rElec)
You are cold-blooded and may be slowed by cold attacks.


Message History

You kill the orc warrior!
Sif Muna accepts your kill.
Sif Muna is protecting you from the effects of miscast magic.
The zap hits the wyvern.
The wyvern is lightly wounded.
The orb of electricity explodes!
The orb of electricity engulfs the orc.
You kill the orc!
Sif Muna accepts your kill.
The orb of electricity engulfs the scorpion.
You kill the scorpion!
Sif Muna accepts your kill.
The orb of electricity engulfs the hippogriff.
The hippogriff is severely wounded.
Sif Muna accepts your kill.
You feel a bit more experienced.
The orb of electricity engulfs the orc.
You kill the orc!
Sif Muna accepts your kill.
The orb of electricity engulfs the orc.
The orc appears unharmed.
The orb of electricity engulfs you! You resist.
You die... . .# ###. .# # #.. .# .. #.# p. .. # ##.####)##.# ... #..p%. [p)

..o?.####..####†#
#ooH.)@l....)..#
#.######..######
#..##### #..)p..#
#.####.# #.# #)#
#.# #[# #.# #<#
#.# #.#


You could see a hippogriff, a wyvern, 3 orcs and 2 neutral freed slaves.

Vanquished Creatures
  Pikel (D:8)
  2 hippogriffs
  An ice beast (D:6)
  4 orc warriors
  A sky beast (D:6)
  A slave (D:8)
  An ogre (D:5)
  A bullfrog (Sewer)
  A scorpion (D:8)
  3 killer bees (D:7)
  4 wights (D:7)
  A howler monkey (D:5)
  A bullfrog zombie (D:5)
  A quasit (D:6)
  4 orc priests
  A jelly (D:5)
  A bullfrog skeleton (D:4)
  3 hounds
  2 worker ants
  2 iguanas
  5 orc wizards
  A hound zombie (D:7)
  A hound skeleton (D:4)
  A gnoll (D:1)
  17 adders
  A river rat (D:4)
  3 shadow imps
  5 dart slugs
  5 leopard geckos
  38 orcs
  11 giant cockroaches
  9 goblins
  10 hobgoblins
  6 jackals
  6 ball pythons
  A ball python skeleton (D:4)
  5 bats
  6 frilled lizards
  9 kobolds
  A leopard gecko zombie (D:8)
  13 rats
190 creatures vanquished.

Notes
Turn   | Place    | Note
-------+----------+-------------------------------------------
     0 | D:1      | Lochraine the Draconian Fire Elementalist began the quest for the Orb.
     0 | D:1      | Reached XP level 1. HP: 14/14 MP: 3/3
   303 | D:1      | Reached XP level 2. HP: 20/20 MP: 0/5
   590 | D:1      | Learned a level 2 spell: Throw Flame
   789 | D:1      | Reached XP level 3. HP: 24/26 MP: 6/6
  1536 | D:2      | Reached XP level 4. HP: 29/33 MP: 6/8
  2182 | D:2      | Learned a level 3 spell: Conjure Flame
  2758 | D:2      | Reached XP level 5. HP: 34/38 MP: 5/10
  3556 | D:3      | Reached skill level 4 in Fire Magic
  4052 | D:4      | Reached XP level 6. HP: 29/45 MP: 11/11
  4106 | D:4      | Found a glowing drain.
  4134 | Sewer    | Entered a sewer
  5515 | D:4      | Your scales start taking on a glossy black colour.
  5515 | D:4      | Reached XP level 7. HP: 42/50 MP: 13/13
  5515 | D:4      | Gained mutation: You are resistant to electric shocks. (rElec) [Black Draconian growth]
  5584 | D:4      | Found a deep blue altar of Sif Muna.
  5602 | D:4      | You fall through a shaft!
  5602 | D:5      | Entered Level 5 of the Dungeon
  5607 | D:5      | Reached skill level 5 in Fire Magic
  6699 | D:5      | Reached skill level 5 in Spellcasting
  6844 | D:4      | Became a worshipper of Sif Muna the Loreminder
  7288 | D:6      | Found Gaclis's Distillery.
  7294 | D:6      | Learned a level 4 spell: Sticky Flame
  7398 | D:6      | Found Xaroi's Antique Weapon Shop.
  7445 | D:6      | Reached skill level 5 in Conjurations
  7499 | D:6      | Found Ofuyl Jyese's Antique Armour Shop.
  7589 | D:6      | Reached skill level 1 in Fighting
  7603 | D:6      | Reached XP level 8. HP: 59/59 MP: 2/15
  7661 | D:6      | Reached skill level 6 in Fire Magic
  7925 | D:6      | Found Ilietes's General Store.
  7933 | D:6      | Bought a scroll of teleportation for 39 gold pieces
  8163 | D:6      | Found Qiuhasit's General Store.
  8319 | D:6      | Reached * piety under Sif Muna
  8337 | D:7      | Found a staircase to the Ecumenical Temple.
  8412 | D:7      | Found a glowing golden altar of the Shining One.
  8681 | D:7      | Noticed a hippogriff
  8684 | D:7      | Killed a hippogriff
  8898 | D:7      | Reached XP level 9. HP: 69/70 MP: 7/18
  9418 | D:7      | Found Hairchio's Food Boutique.
  9478 | D:8      | Noticed Pikel
  9505 | D:8      | Killed Pikel
  9505 | D:8      | Reached skill level 7 in Fire Magic
  9542 | D:8      | Reached ** piety under Sif Muna
  9542 | D:8      | Killed themself with a badly aimed orb of electricity

Vault maps used:
D:1:      nicolae_arrival_memento_mori, minivault_24
D:2:      first_bread, st_stairs_12, grunt_decor_arrowhead
D:3:      cheibrodos_helix_gallery
D:4:      nicolae_overflow_hidden_temple, portal_sewer_entry_e
D:6:      serial_shops, shop, nicolae_shop_statue_plus, shop, shop_fountains,
          shop
D:7:      lemuel_doored_altar, minmay_temple_entry_glassed_door, serial_shops,
          shop
D:8:      serial_shops, kennysheep_little_box, uniq_pikel
Sewer:    sewer_frog_island_01

Skill      XL: |  1  2  3  4  5  6  7  8  9 |
---------------+----------------------------+-----
Stealth        | 2 |  2.2
Dodging        | 2 3 4 |  4.3
Spellcasting   | 3 4 5 6 |  6.4
Conjurations   | 2 3 5 6 |  6.7
Fire Magic     | 4 5 6 7 |  7.2
Fighting       | 1 3 4 |  4.4

Action                   |  1- 3 |  4- 6 |  7- 9 || total
-------------------------+-------+-------+-------++-------
Melee: Unarmed           |     7 |       |       ||     7
       Whip              |    25 |       |    20 ||    45
       Tailslap          |     7 |    15 |    16 ||    38
       Flail             |    54 |    92 |       ||   146
       Mace              |       |    99 |   159 ||   258
 Cast: Flame Tongue      |    18 |    66 |    55 ||   139
       Throw Flame       |     1 |    32 |    29 ||    62
       Sticky Flame      |       |       |    12 ||    12
       Conjure Flame     |       |       |     2 ||     2
 Abil: Breathe Lightning |       |       |     6 ||     6
Evoke: Wand              |       |       |     2 ||     2
  Use: Scroll            |       |     6 |     3 ||     9
       Potion            |       |     1 |     5 ||     6
 Stab: Sleeping          |     4 |     2 |     2 ||     8
  Eat: Chunk             |     2 |    14 |    11 ||    27
       Fruit             |       |       |     2 ||     2
       Royal jelly       |       |       |     1 ||     1
       Meat ration       |       |       |     1 ||     1
Armor: Skin              |    34 |    83 |    95 ||   212
Dodge: Dodged            |    73 |   169 |   213 ||   455
